[Event "*** SCC Grand Prix: Titled Tuesday Blitz"]
[Site "Chess.com"]
[Date "2020.09.08"]
[Round "2"]
[White "Larina_Marija"]
[Black "barriochess"]
[Result "1-0"]
[WhiteElo "2081"]
[BlackElo "2364"]
[TimeControl "180+1"]
[EndTime "10:18:05 PDT"]
[Termination "Larina_Marija won by resignation"]

1. e4 c5 2. Nc3 Nc6 3. g3 g6 4.
Bg2 Bg7 5. Nge2 d6 6. d3 e5 7. O-O Nge7 8. Be3 Nd4 9. Qd2 O-O 10. Nd1 Bg4 11. f3 Be6 12. c3 Nxe2+ 13. Qxe2 b6 14. f4 d5 15. fxe5 Bxe5 16. d4 cxd4 17.
cxd4 Bg7 18. e5 Qd7 19. Nc3 Rfc8 20. Qd2 Nf5 21. Bf2 h5 22. Rac1 Bh6 23. Qd1 Bxc1 24. Qxc1 Rc4 25. Qd2 Rac8 26. Re1 R4c7 27. Bf1 Qe7 28. Bd3 Rd8 29. Bxf5 Bxf5 30. Nb5 Rc6 31. Nd6 Be6 32. Be3 Rdxd6 33. exd6 Qxd6 34. Bf4 Qf8 35. Be5 Kh7 36. Qg5 Bf5 37. Rf1 Qh6 38. Qe7 Kg8 39.
Qe8+ Qf8 40. Qxc6 1-0

[Event "*** SCC Grand Prix: Titled Tuesday Blitz"]
[Site "Chess.com"]
[Date "2020.09.08"]
[Round "2"]
[White "annamaja"]
[Black "harvsp123"]
[Result "0-1"]
[WhiteElo "2273"]
[BlackElo "2476"]
[TimeControl "180+1"]
[EndTime "10:18:06 PDT"]
[Termination "harvsp123 won by resignation"]

1. e4 g6 2. d4 Bg7 3. Nf3 d6 4. Bc4 Nf6 5. Qe2 O-O 6. Bb3 Bg4 7.
Nbd2 Nc6 8. c3 e5 9. h3 Bxf3 10. Nxf3 exd4 11. cxd4 Nxe4 12. O-O d5 13. Be3 Na5 14.
Bc2 Re8 15. Qb5 c6 16. Qd3 Nc4 17. Bc1 a5 18. b3 Ncd6 19. Bf4 h6 20. Ne5 g5 21.
Bh2 f6 22. Ng4 f5 23. Ne5 Qb6 24. Rad1 Nb5 25. Nd7 Qxd4 26. Qf3 Qc3 27. Qxf5 Qxc2 28.
Rc1 Qxa2 29. Nb6 Rad8 30. h4 Nd4 31. Qg6 Re6 32. Qh5 Ne2+ 33. Kh1 Nxc1 34. Rxc1 Nxf2+ 35. Kg1 Bd4 36. Bg3 Ne4+ 37. Kh2 Nxg3 38. Kxg3 Qf2+ 39. Kg4 Re4+ 40. Kh3 Rxh4+ 0-1

[Event "*** SCC Grand Prix: Titled Tuesday Blitz"]
[Site "Chess.com"]
[Date "2020.09.08"]
[Round "2"]
[White "Matols"]
[Black "chegueps"]
[Result "0-1"]
[WhiteElo "2252"]
[BlackElo "2468"]
[TimeControl "180+1"]
[EndTime "10:18:06 PDT"]
[Termination "chegueps won on time"]

1. d4 Nf6 2. c4 g6 3. g3 d5 4. cxd5 Nxd5 5. Bg2 Bg7 6. Nf3 O-O 7. O-O Nb6 8. Nc3 Nc6 9. e3 e5 10. d5 Ne7 11. e4 Nc4 12. b3 Nd6 13. Bb2 c5 14. Rc1 b6 15. Nd2 Ba6 16. Re1 f5 17. Na4 f4 18. Nf3 Nf7 19. gxf4 exf4 20. Bxg7 Kxg7 21. Nb2 g5 22. Nc4 g4 23. Nfe5 Nxe5 24. Nxe5 f3 25. Bh1 h5 26. Qd2 Qd6 27. Qg5+ Ng6 28. Nc4 Qf4 29.
Qxf4 Nxf4 30. h4 Nh3+ 31. Kf1 Rae8 32. e5 Rf5 33. Re3 Rfxe5 34. Rce1 Rxe3 0-1

[Event "*** SCC Grand Prix: Titled Tuesday Blitz"]
[Site "Chess.com"]
[Date "2020.09.08"]
[Round "2"]
[White "GelmanAlexander"]
[Black "AlexTriapishko"]
[Result "1/2-1/2"]
[WhiteElo "2512"]
[BlackElo "2747"]
[TimeControl "180+1"]
[EndTime "10:18:08 PDT"]
[Termination "Game drawn by repetition"]

1. d4 Nf6 2. Nc3 d5 3. Bf4 c5 4. e3 cxd4 5. exd4 a6 6. Nf3 Bg4 7. h3 Bxf3 8. Qxf3 Nc6 9. O-O-O e6 10. g4 Bd6 11. Kb1 Bxf4 12. Qxf4 Rc8 13. h4 Qc7 14.
Qg5 h6 15. Qd2 Nxg4 16. Rg1 h5 17. f3 Nh6 18. Rxg7 Nf5 19. Rg5 Ncxd4 20. Qf2 Qf4 21. Bh3 Ne3 22. Re1 Ndxc2 23. Re2 Rxc3 24. bxc3 Na3+ 25. Ka1 Nec4 26. Qe1 Kf8 27. Bxe6 fxe6 28. Qg1 Qf6 29. Qc5+ Kf7 30. Qc7+ Kf8 31. Qc8+ Ke7 32. Qc7+ Ke8 33. Qc8+ Kf7 34. Qc7+ Kf8 35. Qc8+ Kf7 36. Qc7+ 1/2-1/2

[Event "*** SCC Grand Prix: Titled Tuesday Blitz"]
[Site "Chess.com"]
[Date "2020.09.08"]
[Round "2"]
[White "kayrakamer"]
[Black "kasparicy"]
[Result "0-1"]
[WhiteElo "2614"]
[BlackElo "2329"]
[TimeControl "180+1"]
[EndTime "10:18:09 PDT"]
[Termination "kasparicy won on time"]

1. e4 c5 2. Nf3 d6 3. d4 cxd4 4. Nxd4 Nf6 5. Nc3 a6 6. Be2 e6 7.
g4 Qc7 8. g5 Nfd7 9. Be3 b5 10.
a3 Bb7 11. Rg1 Nb6 12. f4 N8d7 13. f5 e5 14. Nb3 Rc8 15. g6 hxg6 16. fxg6 f5 17.
exf5 Be7 18. Bf2 Rxh2 19. Bf3 Na4 20. Nd5 Qxc2 21. Bg3 Nxb2 22. Qxc2 Rhxc2 23. Nxe7 Nd3+ 24. Kf1 Bxf3 25. Nxc8 Be2+ 26. Kg2 Rxc8 27. Ra2 Bg4 28. Rd2 Bxf5 29. Bh4 N7c5 30. Kh2 Nxb3 31. Rdd1 Rc2+ 32. Kg3 Nf4 33. Rdf1 Nd4 0-1

[Event "*** SCC Grand Prix: Titled Tuesday Blitz"]
[Site "Chess.com"]
[Date "2020.09.08"]
[Round "2"]
[White "Tactictic"]
[Black "Parhamov"]
[Result "0-1"]
[WhiteElo "2345"]
[BlackElo "2990"]
[TimeControl "180+1"]
[EndTime "10:18:10 PDT"]
[Termination "Parhamov won on time"]

1. e4 c5 2. Nf3 Nc6 3. d4 cxd4 4. Nxd4 Nf6 5. Nc3 d6 6. Bg5 e6 7. Qd2 a6 8. f4 Bd7 9. O-O-O Be7 10. Kb1 b5 11. Bxf6 gxf6 12. f5 Qb6 13. fxe6 fxe6 14. Nf3 O-O-O 15. Ne2 Kb8 16. Ned4 Ne5 17. c3 Rc8 18. Be2 Nc4 19. Qh6 Qc5 20. Bxc4 Qxc4 21. Nd2 Qc7 22. Rhf1 Rcg8 23. g3 Rg6 24. Qh4 h5 25. Rf2 Rh7 26. h3 f5 27. Qf4 e5 28.
Qe3 exd4 29. cxd4 fxe4 30. Qxe4 Rhg7 31. Rc1 Qb7 32. d5 Rxg3 33. Nb3 Qb6 34. Nd4 Kb7 35. Rfc2 Bd8 36. Ne6 Bxe6 37. dxe6+ Ka7 38. Rc8 Rb7 39. a3 Re3 40. Qd5 Re5 41. Qf3 Rxe6 42. R1c6 Qg1+ 43. Ka2 Re8 0-1

[Event "*** SCC Grand Prix: Titled Tuesday Blitz"]
[Site "Chess.com"]
[Date "2020.09.08"]
[Round "2"]
[White "MariaFominykh"]
[Black "olksuna"]
[Result "0-1"]
[WhiteElo "2349"]
[BlackElo "2663"]
[TimeControl "180+1"]
[EndTime "10:18:12 PDT"]
[Termination "olksuna won on time"]

1. Nf3 Nf6 2. g3 b6 3. Bg2 Bb7 4.
O-O g6 5. d3 Bg7 6. e4 c5 7. c3 O-O 8. Nbd2 Nc6 9. Re1 Rc8 10.
e5 Nd5 11. a4 d6 12. e6 fxe6 13. Ng5 Nc7 14. Nxe6 Nxe6 15. Rxe6 Qd7 16. Re1 Ne5 17. Ne4 h6 18. d4 cxd4 19. cxd4 Nc6 20. Be3 Kh8 21.
Qd2 Kh7 22. b4 d5 23. b5 Na5 24. Nc3 Nb3 25. Qd3 Nxa1 26. Rxa1 Qf5 27. Qxf5 Rxf5 28. Ne2 Rc2 29. Nf4 g5 30. Nd3 Rf8 31. Nb4 Rcc8 32. Nxd5 Rcd8 33. Nxe7 Bxg2 34. Kxg2 Bxd4 35. Bxd4 Rxd4 36.
Nc6 Rd2 37. Rf1 Rf7 38. a5 bxa5 39. Nxa5 Rb2 40. Nc4 Rb4 41. Nd6 Rf6 42. Nb7 Rxb5 43. Nd8 Rb8 0-1

[Event "*** SCC Grand Prix: Titled Tuesday Blitz"]
[Site "Chess.com"]
[Date "2020.09.08"]
[Round "2"]
[White "anon219"]
[Black "pavlitas17"]
[Result "0-1"]
[WhiteElo "2682"]
[BlackElo "2354"]
[TimeControl "180+1"]
[EndTime "10:18:12 PDT"]
[Termination "pavlitas17 won by checkmate"]

1. e4 c5 2. Nf3 d6 3. d4 cxd4 4. Qxd4 Nc6 5. Bb5 Bd7 6. Bxc6 Bxc6 7. Nc3 Nf6 8. Bg5 e6 9. O-O-O Be7 10. Rhe1 O-O 11.
Kb1 h6 12. Bxf6 Bxf6 13. Qxd6 Qxd6 14. Rxd6 Rfd8 15. Rxd8+ Rxd8 16. e5 Be7 17. a3 Bc5 18.
Re2 g5 19. h3 Kg7 20. b4 Bb6 21. Kb2 a6 22. Kb3 Kg6 23. a4 Bxf3 24. gxf3 Kf5 25. Ne4 Bc7 26. Nc5 b6 27. Nd3 Rd4 28. Re3 Rh4 29.
c4 Rxh3 30. c5 bxc5 31. bxc5 Rh1 32. c6 h5 33. Nb4 h4 34. Nxa6 h3 35. f4 gxf4 36. Rc3 Bxe5 37. c7 Bxc7 38. Nxc7 h2 39. Rh3 Rb1+ 40. Ka2 h1=Q 41. Rxh1 Rxh1 42. a5 Rc1 43.
Nb5 Rc5 44. Nd6+ Ke5 45. Nxf7+ Kf6 46. Nd6 Rxa5+ 47. Kb3 Rd5 48. Ne4+ Ke5 49. Ng5 Kf5 50. Nf7 Rd2 51. Kc4 Rxf2 52. Kd3 Rh2 53. Nd6+ Kg4 54.
Nc4 Kg3 55. Ne5 f3 56. Nxf3 Kxf3 57. Kd4 Re2 58. Kc5 Rd2 59. Kc6 Ke4 60. Kc7 Ke5 61. Kb8 Kd6 62. Ka8 Rb2 63. Ka7 Kc6 64. Ka6 Ra2# 0-1

[Event "*** SCC Grand Prix: Titled Tuesday Blitz"]
[Site "Chess.com"]
[Date "2020.09.08"]
[Round "2"]
[White "MashaFromRussia"]
[Black "Pertinhez76"]
[Result "0-1"]
[WhiteElo "2365"]
[BlackElo "2094"]
[TimeControl "180+1"]
[EndTime "10:18:12 PDT"]
[Termination "Pertinhez76 won by resignation"]

1. d4 e6 2. c4 d5 3. Nf3 c6 4.
g3 f5 5. Bg2 Nf6 6. O-O Bd6 7.
b3 Nbd7 8. Ba3 Qe7 9. Bxd6 Qxd6 10. Nbd2 Ne4 11. Nxe4 fxe4 12. Ng5 O-O 13. f3 h6 14. Nh3 exf3 15. exf3 e5 16. dxe5 Nxe5 17. cxd5 cxd5 18. f4 Bxh3 19. Bxh3 Nc6 20. Re1 Rfe8 21. Qd3 Rad8 22. Rad1 d4 23. Bg2 Rxe1+ 24. Rxe1 Qc5 25.
Kh1 Kh8 26. Qg6 Qf8 27. Be4 Qg8 28. f5 Ne5 29. Qh5 Nd7 30. Bxb7 Nf6 31. Qf3 d3 32. Rd1 d2 33. Qe2 Qf7 34. Bf3 Qd7 35. g4 Nh7 36. h4 Qd4 37. Kg2 Nf6 38. g5 Ng8 39. f6 gxf6 40. gxf6 Nxf6 41. h5 Qf4 42. Qe7 Rg8+ 43. Kf2 Nd5 44. Qe6 Qh2+ 0-1

[Event "*** SCC Grand Prix: Titled Tuesday Blitz"]
[Site "Chess.com"]
[Date "2020.09.08"]
[Round "2"]
[White "GoltsevDmitry2000"]
[Black "OminousOmen"]
[Result "0-1"]
[WhiteElo "2573"]
[BlackElo "2932"]
[TimeControl "180+1"]
[EndTime "10:18:13 PDT"]
[Termination "OminousOmen won by resignation"]

1. e4 b6 2. Nc3 Bb7 3. d4 d6 4.
Bd3 Nd7 5. Nge2 e5 6. O-O Ngf6 7. Be3 Be7 8. f3 O-O 9. Qd2 Re8 10. a4 a6 11. Nd1 d5 12. Nf2 exd4 13. Nxd4 Bf8 14. exd5 Nxd5 15. Bg5 Be7 16. Bxe7 Qxe7 17. Rfe1 Qf6 18.
Be4 Nc5 19. c4 Nf4 20. Bxb7 Nxb7 21. Rxe8+ Rxe8 22. Re1 Rxe1+ 23. Qxe1 Nd6 24. Ne2 Qe6 25. Ne4 Nxe2+ 26. Qxe2 Qxc4 27. Qd1 h6 28. Nxd6 Qc5+ 29. Kh1 cxd6 30. Qe1 Kf8 31. h3 Qd4 32. b3 d5 33.
Qe2 a5 34. Qb5 g5 35. Qd7 Kg7 36. Qd6 Qc5 37. Qe5+ Kg6 38. Kh2 d4 39. Qe4+ Kf6 40. h4 Qe5+ 41. Qxe5+ Kxe5 0-1

[Event "*** SCC Grand Prix: Titled Tuesday Blitz"]
[Site "Chess.com"]
[Date "2020.09.08"]
[Round "2"]
[White "awesomevishesh"]
[Black "mr65"]
[Result "0-1"]
[WhiteElo "2388"]
[BlackElo "2162"]
[TimeControl "180+1"]
[EndTime "10:18:13 PDT"]
[Termination "mr65 won on time"]

1. e4 e5 2. Nf3 Nc6 3. Bb5 a6 4. Ba4 Nf6 5. O-O Be7 6. Re1 b5 7. Bb3 O-O 8. a4 b4 9. d4 d6 10.
dxe5 Nxe5 11. Nxe5 dxe5 12. Qe2 Bb7 13. Nd2 Nd7 14. Bc4 Nc5 15. a5 Ne6 16. Nf3 Nf4 17.
Bxf4 exf4 18. Rad1 Qe8 19. Bd5 Bxd5 20. exd5 Bd6 21. Qc4 Qa4 22. Ra1 Qd7 23. Nd4 Rfe8 24. Nc6 f3 25. gxf3 Qh3 26. Qg4 Qxh2+ 27. Kf1 Qh1+ 28. Qg1 Qxf3 29. Qg2 Qf5 30. Nd4 Qh5 31. Rad1 g6 32. c3 Re5 0-1

[Event "*** SCC Grand Prix: Titled Tuesday Blitz"]
[Site "Chess.com"]
[Date "2020.09.08"]
[Round "2"]
[White "akanga001"]
[Black "dpopadic"]
[Result "0-1"]
[WhiteElo "1891"]
[BlackElo "2354"]
[TimeControl "180+1"]
[EndTime "10:18:13 PDT"]
[Termination "dpopadic won on time"]

1. d4 Nf6 2. Nf3 g6 3. Bg5 Bg7 4. e3 d6 5. Bxf6 Bxf6 6. c3 O-O 7. Bd3 c5 8. Nbd2 Nc6 9. Qe2 cxd4 10. exd4 e5 11.
d5 Ne7 12. c4 Bg7 13. O-O f5 14. Ng5 Nxd5 15. cxd5 Qxg5 16. Nb3 Bd7 17. Rac1 Rfc8 18. Bb5 Qe7 19. Nd4 Bxb5 20. Nxb5 Bh6 21. Rce1 Qd7 22. Nc3 Rc5 23. Qd3 Rac8 24. Rd1 a6 25. Qh3 Bg7 26. Ne4 Rc2 27. b3 Qe7 28. Ng3 Rxa2 29. Rfe1 Rac2 30. Ne2 Qc7 31. g4 f4 32. g5 Qf7 33. Rc1 Qf5 34.
Qxf5 gxf5 35. Rxc2 Rxc2 36. Kg2 Kf7 37. Kf3 Kg6 38. h4 Rc5 39. Nc1 Rc3+ 40. Ke2 e4 0-1

[Event "*** SCC Grand Prix: Titled Tuesday Blitz"]
[Site "Chess.com"]
[Date "2020.09.08"]
[Round "2"]
[White "hellokostya"]
[Black "anon102030"]
[Result "0-1"]
[WhiteElo "2491"]
[BlackElo "2727"]
[TimeControl "180+1"]
[EndTime "10:18:15 PDT"]
[Termination "anon102030 won on time"]

1. d4 Nf6 2. c4 e5 3. dxe5 Ng4 4. Nc3 Nxe5 5. e3 Nbc6 6. a3 g6 7. f4 Bg7 8. fxe5 Nxe5 9. Nf3 O-O 10. Be2 d6 11. O-O Re8 12. e4 c6 13. Bf4 Qe7 14. Nxe5 dxe5 15. Be3 Be6 16. Qc2 Rad8 17. Rad1 b6 18.
Rxd8 Rxd8 19. Rd1 Rf8 20. c5 b5 21. b4 f5 22. exf5 gxf5 23. Rd6 Qe8 24. Bf2 a6 25. h3 e4 26. Nd1 Be5 27. Rd2 Qg6 28. Bd4 Bc7 29.
Qc3 f4 30. Bf1 e3 31. Nxe3 fxe3 32. Qxe3 Bf4 33. Qc3 Bxd2 34. Qxd2 Bd5 35. Bb2 Qg3 36. Qd4 Qg5 37. Qh8+ Kf7 38. Qxh7+ Ke8 39. Qd3 Qf4 40.
Qe2+ Kd7 41. Qc2 Qxf1+ 0-1

[Event "*** SCC Grand Prix: Titled Tuesday Blitz"]
[Site "Chess.com"]
[Date "2020.09.08"]
[Round "2"]
[White "abhidabhi"]
[Black "maximnovik"]
[Result "0-1"]
[WhiteElo "2711"]
[BlackElo "2505"]
[TimeControl "180+1"]
[EndTime "10:18:15 PDT"]
[Termination "maximnovik won on time"]

1. e4 c6 2. d4 d5 3. Nd2 dxe4 4.
Nxe4 Bf5 5. Ng3 Bg6 6. h4 h6 7. Nf3 e6 8. Ne5 Bh7 9. Bd3 Bxd3 10.
Qxd3 Nd7 11. f4 Be7 12. Bd2 Nxe5 13. fxe5 Bxh4 14. O-O-O Bxg3 15. Qxg3 Ne7 16. Bb4 Nf5 17.
Qf2 a5 18. Ba3 Qg5+ 19. Kb1 O-O-O 20. Rd3 Qg4 21. Bc5 Kc7 22. Rb3 Rd5 23. Qe1 Ra8 24. a4 Ra6 25. Rhh3 b6 26. Qf1 Kb7 27. Rhc3 Ka7 28. Ba3 Rxd4 29. Ka2 Qd1 30. Qf2 Qd2 31. Qf3 Qd1 32. Qxc6 Rd7 33. Qc8 Qd5 34. Bd6 Qb7 35. Qf8 Nxd6 36. exd6 e5 0-1

[Event "*** SCC Grand Prix: Titled Tuesday Blitz"]
[Site "Chess.com"]
[Date "2020.09.08"]
[Round "2"]
[White "almo64"]
[Black "Bodnar_Mykola"]
[Result "0-1"]
[WhiteElo "2744"]
[BlackElo "2529"]
[TimeControl "180+1"]
[EndTime "10:18:17 PDT"]
[Termination "Bodnar_Mykola won on time"]

1. Nf3 Nf6 2. c4 e6 3. g3 b6 4. Bg2 Bb7 5. O-O Be7 6. b3 O-O 7. Bb2 d5 8. Nc3 c5 9. e3 Nc6 10. d3 dxc4 11. bxc4 a6 12. Qe2 Rb8 13. Rad1 Qc7 14.
Ng5 h6 15. Nge4 Nxe4 16. Nxe4 f5 17. Nc3 Na7 18. d4 Bxg2 19. Kxg2 b5 20. d5 b4 21. Nb1 e5 22. f4 e4 23. g4 Bf6 24. gxf5 Nc8 25. Kh1 Bxb2 26. Qxb2 Nd6 27. Rg1 Nxc4 28. d6 Qf7 29. Qe2 Rbd8 30. f6 g6 31. Rxg6+ Qxg6 32. Rg1 Qxg1+ 33. Kxg1 Nxd6 34. Qg4+ Kf7 35. Qg7+ Ke6 36.
Qe7+ Kd5 37. Qe5+ Kc6 38. Nd2 Rde8 39. Qh5 Re6 40. Qxh6 Rfxf6 41. Qh8 Rg6+ 42. Kf2 Re8 43. Qh7 Rf6 44. Qh5 Rg8 0-1

[Event "*** SCC Grand Prix: Titled Tuesday Blitz"]
[Site "Chess.com"]
[Date "2020.09.08"]
[Round "2"]
[White "Justinz"]
[Black "Violord"]
[Result "0-1"]
[WhiteElo "2411"]
[BlackElo "2678"]
[TimeControl "180+1"]
[EndTime "10:18:18 PDT"]
[Termination "Violord won by resignation"]

1. e4 g6 2. d4 Bg7 3. Nc3 c6 4. Nf3 d5 5. h3 dxe4 6. Nxe4 Bf5 7. Ng3 Be6 8. Be2 Nf6 9. O-O O-O 10. c4 b5 11. b3 bxc4 12. bxc4 Qc8 13. Be3 Nbd7 14. Qd2 Nb6 15. Rac1 Rd8 16. Rfd1 Qb7 17. Rb1 Qc7 18. Qc1 Rac8 19. Bf4 Qd7 20. Ng5 Bf5 21. Nxf5 Qxf5 22. Nf3 Qa5 23. Qc2 Qa4 24. Rb3 c5 25. d5 Nfxd5 26. cxd5 Qxf4 27. Rbd3 c4 28. R3d2 c3 29.
Rd3 Qa4 30. Ne1 Qxc2 31. Nxc2 Na4 32. Re1 Nb2 33. Re3 Kf8 34. Bf3 Rc7 35. R3e2 Nd3 36. Rd1 Ne5 37. Be4 f5 38. Nd4 fxe4 39. Ne6+ Kg8 40.
Nxc7 Rc8 41. Ne6 Nd3 42. Nxg7 c2 43. Rxc2 Rxc2 44. Ne6 Rxa2 45. f3 e3 46. Rxd3 Ra1+ 47. Kh2 e2 48. Rc3 Rh1+ 49. Kg3 e1=Q+ 0-1

[Event "*** SCC Grand Prix: Titled Tuesday Blitz"]
[Site "Chess.com"]
[Date "2020.09.08"]
[Round "2"]
[White "Shota_Azaladze"]
[Black "sasko1234"]
[Result "0-1"]
[WhiteElo "2661"]
[BlackElo "2409"]
[TimeControl "180+1"]
[EndTime "10:18:18 PDT"]
[Termination "sasko1234 won by resignation"]

1. Nf3 d6 2. g3 Nf6 3. Bg2 c6 4. d4 Bg4 5. O-O Nbd7 6. Nc3 e5 7. h3 Bh5 8. d5 Qc7 9. g4 Bg6 10. Nh4 c5 11. e3 Be7 12. f4 h6 13. Nxg6 fxg6 14. a4 a6 15. a5 O-O-O 16. Qd3 g5 17.
Qg6 Nf8 18. Qf5+ Kb8 19. fxe5 dxe5 20. Bd2 h5 21. gxh5 Rxh5 22. Qf3 Rh8 23. Ra4 Ng6 24. Be1 Nh4 25. Bxh4 Rxh4 26. Rxh4 gxh4 27. Qf5 Bd6 28. Qg6 Rd7 29. Qg5 Qxa5 30. Qxh4 Qb6 31. b3 c4 32. Qg3 cxb3 33. cxb3 Qxb3 34. Ne4 Nxe4 35. Bxe4 Ka7 36. Rf3 Rc7 37. Qg6 Rc1+ 38. Kg2 Qb2+ 39. Rf2 Qb4 40. Kf3 Bc5 41. Qxg7 Re1 42. Qg6 Rxe3+ 43. Kg2 Rxe4 44.
Rc2 Re1 45. Qd3 Rg1+ 46. Kh2 Qf4+ 0-1

[Event "*** SCC Grand Prix: Titled Tuesday Blitz"]
[Site "Chess.com"]
[Date "2020.09.08"]
[Round "2"]
[White "Chessmatus"]
[Black "aljado"]
[Result "1-0"]
[WhiteElo "2396"]
[BlackElo "2109"]
[TimeControl "180+1"]
[EndTime "10:18:19 PDT"]
[Termination "Chessmatus won on time"]

1. e4 c5 2. Nf3 e6 3. d4 cxd4 4. Nxd4 Bc5 5. Nb3 Bb6 6. Qg4 Qf6 7. Qe2 Nc6 8. Nc3 Nd4 9. Nxd4 Bxd4 10. Bd2 Ne7 11.
f4 O-O 12. e5 Qf5 13. Qd3 Bb6 14. Qxf5 Nxf5 15. Bd3 Nd4 16. Ne4 f5 17. exf6 gxf6 18. O-O-O d5 19. Nd6 Bd7 20. Nxb7 e5 21. fxe5 fxe5 22.
c3 Nc6 23. Bb5 Rf2 24. g4 Raf8 25. h3 Rb8 26. Nd6 Bc5 27. Bxc6 Bxc6 28. Nf5 d4 29. Rhe1 e4 30. cxd4 Bf8 31. Bc3 Ba4 32. Rd2 Rf3 33.
h4 e3 34. Rde2 Re8 35. d5 Bc5 36. Nh6+ Kf8 37. g5 Re4 38. h5 1-0

[Event "*** SCC Grand Prix: Titled Tuesday Blitz"]
[Site "Chess.com"]
[Date "2020.09.08"]
[Round "2"]
[White "Kazan28"]
[Black "wannabe2700"]
[Result "0-1"]
[WhiteElo "2232"]
[BlackElo "2628"]
[TimeControl "180+1"]
[EndTime "10:18:21 PDT"]
[Termination "wannabe2700 won by checkmate"]

1. Nf3 f5 2. g3 Nf6 3. Bg2 g6 4. O-O Bg7 5. d4 O-O 6. b3 d6 7. Bb2 c6 8. Nbd2 Na6 9. Re1 Ne4 10. c4 Qe8 11. Qc2 Nb4 12. Qb1 Nxd2 13. Nxd2 e5 14. a3 Na6 15. dxe5 dxe5 16. e4 f4 17. b4 Qf7 18. f3 Be6 19. Bc3 Bxc4 20. Nxc4 Qxc4 21. Qa2 Qxa2 22. Rxa2 Rad8 23. Rc2 Nc7 24. a4 Ne6 25. g4 Nd4 26. Rb2 Rd6 27. Rc1 Rfd8 28. Kf2 Bf6 29. Bf1 h5 30. h3 Kg7 31. Bc4 Bh4+ 32.
Kg2 Bg3 33. Rcc2 hxg4 34. hxg4 Rh8 35. Bxd4 Rxd4 36. Bf1 Rh2+ 37. Kg1 Rxc2 38. Rxc2 Rxb4 39. a5 a6 40. Rd2 Bh4 41. Rd7+ Kh6 42. Rf7 Rb2 43.
Bc4 Be1 44. Re7 Bc3 45. Bf7 Kg5 46. Be8 Kh4 47. Bxg6 Kg3 48. Kf1 Kxf3 49. Kg1 Bd4+ 50. Kh1 Kg3 51. Bf5 Rb1# 0-1

[Event "*** SCC Grand Prix: Titled Tuesday Blitz"]
[Site "Chess.com"]
[Date "2020.09.08"]
[Round "2"]
[White "KNCP_719"]
[Black "VladaSviridova"]
[Result "1-0"]
[WhiteElo "2570"]
[BlackElo "2300"]
[TimeControl "180+1"]
[EndTime "10:18:21 PDT"]
[Termination "KNCP_719 won by checkmate"]

1. Nf3 d5 2. c4 c6 3. g3 Nf6 4. Bg2 dxc4 5. O-O Nbd7 6. Na3 Nb6 7. Qc2 g6 8. Nxc4 Nxc4 9. Qxc4 Bg7 10. d4 O-O 11.
Rd1 Be6 12. Qc2 Bf5 13. Qb3 Qb6 14. Qa3 Rfe8 15. Ne5 a5 16. Bf4 Qb4 17. Qxb4 axb4 18.
Nd3 Bxd3 19. Rxd3 Nd5 20. Bd2 Red8 21. e3 e6 22. Bxd5 Rxd5 23. Bxb4 e5 24. Bc5 exd4 25. exd4 Ra5 26. Re3 Ra8 27. Re7 Bf8 28. Rxb7 Bxc5 29. dxc5 Rxc5 30. a3 Rc2 31. Re1 Rd8 32. Ree7 Rf8 33.
a4 Rc5 34. b4 Rc1+ 35. Kg2 Ra1 36. a5 Kg7 37. Rec7 Rb1 38. Rxc6 Re8 39. Rcc7 Re2 40. Rxf7+ Kh6 41. h4 Kh5 42. Kf3 Rc2 43.
Rxh7# 1-0

[Event "*** SCC Grand Prix: Titled Tuesday Blitz"]
[Site "Chess.com"]
[Date "2020.09.08"]
[Round "2"]
[White "Oneofmyturns"]
[Black "dosto07"]
[Result "1-0"]
[WhiteElo "2652"]
[BlackElo "2322"]
[TimeControl "180+1"]
[EndTime "10:18:22 PDT"]
[Termination "Oneofmyturns won by resignation"]

1. d4 d5 2. c4 dxc4 3. e4 e5 4. Nf3 exd4 5. Bxc4 Nc6 6. O-O Be6 7. Bxe6 fxe6 8. Qb3 Qd7 9. Qxb7 Rb8 10. Qa6 Nf6 11. Nbd2 Bd6 12. Re1 Ng4 13. Nc4 Nge5 14. Nfxe5 Nxe5 15.
Nxe5 Bxe5 16. f4 Bd6 17. Qxa7 O-O 18. Qxd4 Qe7 19. Be3 Bxf4 20. Rac1 Bxe3+ 21. Rxe3 Qg5 22. b3 Rbd8 23. Qc3 Qf4 24. h3 Qf2+ 25. Kh2 Rd2 26.
Rg3 Rf7 27. Qe5 Rd6 28. Rxc7 Rxc7 29. Qxd6 Rf7 30. Qxe6 h6 31. a4 Qa7 32. e5 Kh7 33. Qg6+ Kh8 34. e6 Rf8 35. a5 Qe7 36. a6 Rf6 37. a7 Rxg6 38. a8=Q+ Kh7 39. Qe4 Qxe6 40.
Qxg6+ Qxg6 41. Rxg6 Kxg6 42. Kg3 Kf6 43. Kg4 Ke5 44. Kh5 Kd5 45. Kg6 Kc5 46. Kxg7 Kb4 47. Kxh6 Kxb3 48. g4 Kc4 49. g5 1-0

[Event "*** SCC Grand Prix: Titled Tuesday Blitz"]
[Site "Chess.com"]
[Date "2020.09.08"]
[Round "2"]
[White "AlexOstrovskiy"]
[Black "Olga_Girya"]
[Result "1-0"]
[WhiteElo "2749"]
[BlackElo "2502"]
[TimeControl "180+1"]
[EndTime "10:18:23 PDT"]
[Termination "AlexOstrovskiy won by resignation"]

1. d4 d5 2. Bf4 c5 3. e4 cxd4 4.
Qxd4 Nc6 5. Qxd5 Qxd5 6. exd5 Nb4 7. Nc3 Nxc2+ 8. Kd2 Nxa1 9. Nb5 Nf6 10. Nc7+ Kd8 11.
Nxa8 Nxd5 12. Bb8 Bf5 13. Nf3 e6 14. Bxa7 Bb4+ 15. Ke2 Nc2 16. Nb6 Nxb6 17. Bxb6+ Ke7 18. g3 Rc8 19. Bg2 Rc6 20. Bd4 Nxd4+ 21. Nxd4 Rc7 22. a3 Bc5 23. Rc1 b6 24. Nb5 Rd7 25. Rc3 e5 26. b4 Bd4 27. Rc6 Bg4+ 28. Bf3 Be6 29. Nxd4 exd4 30. Rxb6 Bc4+ 31. Kd2 Ra7 32. Rb7+ Rxb7 33. Bxb7 Kd6 34. Be4 Kc7 35. Bxh7 g6 36. h4 Kd6 37.
h5 gxh5 38. Bd3 Bd5 39. Be2 h4 40. gxh4 Ke5 41. a4 Kf4 42. a5 1-0

[Event "*** SCC Grand Prix: Titled Tuesday Blitz"]
[Site "Chess.com"]
[Date "2020.09.08"]
[Round "2"]
[White "uthoang"]
[Black "eightbyeightchess"]
[Result "0-1"]
[WhiteElo "2211"]
[BlackElo "2438"]
[TimeControl "180+1"]
[EndTime "10:18:23 PDT"]
[Termination "eightbyeightchess won by resignation"]

1. d4 d5 2. Nf3 Nf6 3. Bf4 Bf5 4. e3 e6 5. Nbd2 Bd6 6. Ne5 O-O 7. Be2 Nbd7 8. g4 Bg6 9. h4 h6 10. Nxg6 fxg6 11.
Bxd6 cxd6 12. c3 e5 13. f3 exd4 14. exd4 Qe7 15. Qc2 Rae8 16. Rh2 b5 17. O-O-O b4 18. g5 bxc3 19. bxc3 Nh5 20. gxh6 Nf4 21. Bd3 Qe3 22. Bxg6 Rc8 23. Kb2 Nxg6 24. Qxg6 Qxc3+ 25. Kb1 Rb8+ 26. Nb3 Rxb3+ 27. axb3 Qxb3+ 28. Rb2 Qxd1+ 29. Ka2 Qxd4 30. Qe6+ Kh7 31. hxg7 Qxg7 32. Qxd5 Nf6 33. Qxd6 Rf7 34. Qd3+ Kh6 35. Qe3+ Kh7 36. Qd3+ Qg6 37. Qc3 Nd5 38. Qb3 Rd7 39. Rc2 Qa6+ 40. Kb2 Rb7 41. Qxb7+ Qxb7+ 42. Kc1 Nb4 43. Rd2 Qc6+ 44. Kb2 Qxf3 45. Rd7+ Kh6 46.
Rb7 Qxb7 47. Kc3 Nc6 48. Kd2 Kh5 49. Ke3 Kxh4 50. Kd3 Qb4 51. Ke2 Qd4 0-1

[Event "*** SCC Grand Prix: Titled Tuesday Blitz"]
[Site "Chess.com"]
[Date "2020.09.08"]
[Round "2"]
[White "ChelsieMonica"]
[Black "Jojo_1608"]
[Result "1-0"]
[WhiteElo "2422"]
[BlackElo "2188"]
[TimeControl "180+1"]
[EndTime "10:18:23 PDT"]
[Termination "ChelsieMonica won by resignation"]

1. c4 Nf6 2. Nc3 g6 3. g3 Bg7 4. Bg2 O-O 5. Nf3 d6 6. O-O Nc6 7. d4 e5 8. dxe5 dxe5 9. Qxd8 Rxd8 10. Bg5 Re8 11. Bxf6 Bxf6 12. Nd5 Bd8 13. b4 e4 14. Nd2 f5 15. b5 Ne5 16. Rac1 c6 17. Ne3 Bd7 18. a4 a6 19. Rb1 axb5 20. axb5 Ra2 21. Rfd1 Be6 22. bxc6 bxc6 23. Rb8 Kf7 24. Nxe4 fxe4 25.
Rbxd8 Rxd8 26. Rxd8 Ra1+ 27. Bf1 Nxc4 28. Rd1 Rxd1 29. Nxd1 Nd2 30. Bg2 Bd5 31. Nc3 Ke6 32. h4 Ke5 33. e3 Nf3+ 34. Bxf3 exf3 35. Kf1 Bb3 36. Ke1 c5 37. Kd2 h6 38. Nb5 Be6 39. Kc3 Kd5 40. Nc7+ Kd6 41. Nb5+ Kc6 42. Na3 g5 43. hxg5 hxg5 44. Nb1 Kd5 45. Nd2 Ke5 46. Nxf3+ Kf5 47. e4+ Kg4 48. Ne1 Bf7 49. Kd2 c4 50.
Ke3 Kh3 51. Nf3 Kg2 52. Nxg5 Bg8 53. Nf3 c3 54. Nd4 Bb3 55. Nxb3 1-0